 Dungeon Crawl Stone Soup version 0.28.0 (webtiles) character file.

Game seed: 10094608934159366488

247 mortz the Conjurer (level 5, -1/40 HPs)
             Began as a Draconian Conjurer on Feb 12, 2022.
             Was an Initiate of Ashenzari.
             Slain by an elf zombie (3 damage)
             ... in an ossuary.
             The game lasted 00:39:18 (5404 turns).

mortz the Conjurer (Draconian Conjurer)             Turns: 5404, Time: 00:39:18

Health: -1/40      AC:  5    Str:  9    XL:     5   Next: 85%
Magic:  3/9        EV: 12    Int: 20    God:    Ashenzari [......]
Gold:   106        SH:  0    Dex: 10    Spells: 4/10 levels left

rFire   . . .      SeeInvis .   a - +1 dagger (venom)
rCold   . . .      Faith    .   (no shield)
rNeg    . . .      Spirit   .   (armour unavailable)
rPois   .          Reflect  .   (helmet restricted)
rElec   .          Harm     .   (no cloak)
rCorr   .          Rampage  .   (no gloves)
Will    +....                   (no boots)
Stlth   ++........              (no amulet)
HPRegen 0.13/turn               s - ring of willpower
MPRegen 0.11/turn               (no ring)

@: about to teleport
A: AC +5, unfitting armour, cold-blooded
a: Renounce Religion, Curse Item


You were in an ossuary.
You worshipped Ashenzari.
Ashenzari was noncommittal.
You visited 1 branch of the dungeon, and saw 4 of its levels.
You also visited: Ossuary.

You collected 106 gold pieces.

Inventory:

Hand Weapons
 a - a +1 dagger of venom (weapon)
 b - a +0 flail of holy wrath
 f - a +0 spectral club
 j - a +0 short sword
 l - a +0 dagger
Missiles
 m - 27 stones (quivered)
 w - 4 javelins
Jewellery
 s - a ring of willpower (left hand)
Wands
 t - a wand of iceblast (7)
Scrolls
 c - a scroll of identify
 d - a scroll of fog {unknown}
 k - a scroll of teleportation
 v - a scroll of amnesia {unknown}
 x - a scroll of torment {unknown}
Potions
 r - a potion of degeneration {unknown}


   Skills:
 + Level 1.2 Fighting
 + Level 2.0 Maces & Flails
 + Level 2.5 Dodging
 + Level 2.7 Stealth
 + Level 3.0 Spellcasting
 + Level 5.2 Conjurations


You had 4 spell levels left.
You knew the following spells:

 Your Spells              Type           Power      Damage    Failure   Level
a - Magic Dart            Conj           96%        1d7       1%          1
b - Searing Ray           Conj           48%        2d6       2%          2
c - Dazzling Flash        Conj/Hex       26%        N/A       14%         3

Your spell library contained the following spells:

 Spells                   Type           Power      Damage    Failure   Level
 Mephitic Cloud           Conj/Pois/Air  10%        N/A       21%         3
 Ignite Poison            Fire/Tmut/Pois 3%         N/A       38%         3
 Fulminant Prism          Conj/Hex       6%         3d7       43%         4
 Iskenderun's Mystic Bla  Conj/Tloc      13%        2d5       43%         4
 Freezing Cloud           Conj/Ice/Air   5%         6-21      88%         5
 Agony                    Necr           3%         N/A       98%         5
 Silence                  Hex/Air        1%         N/A       98%         5


Dungeon Overview and Level Annotations

Branches:
Dungeon (4/15)            Ossuary (1/1)
 Temple: D:4-7

Altars:
Ashenzari


Innate Abilities, Weirdness & Mutations

Your plain brown scales are hard. (AC +5)
You cannot fit into any form of body armour.
You are cold-blooded and may be slowed by cold attacks.


Message History

Out of range.
Okay, then.
Casting: Searing Ray (safe; 2% risk of failure)
Confirm with . or Enter, or press ? or * to list all spells.
Aiming: Searing Ray (safe; 2% risk of failure)
Press: ? - help, Shift-Dir - straight line, f/p - elf zombie
Aim: an elf zombie (heavily damaged, 79% to hit)
The searing ray hits the elf zombie!
The elf zombie is heavily damaged. (Press . to maintain the ray.)
The searing ray hits the elf zombie!
The elf zombie is severely damaged.
You barely miss the elf zombie.
The elf zombie is severely damaged.
The kobold zombie hits you.
* * * LOW HITPOINT WARNING * * *
You barely miss the elf zombie.
The elf zombie is severely damaged.
The elf zombie hits you but does no damage.
The kobold zombie completely misses you.
You closely miss the elf zombie.
The elf zombie is severely damaged.
The elf zombie closely misses you.
You hit the elf zombie but do no damage.
The elf zombie is severely damaged.
The kobold zombie hits you.
* * * LOW HITPOINT WARNING * * *
The elf zombie hits you.
* * * LOW HITPOINT WARNING * * *
As you read the scroll of teleportation, it crumbles to dust.
You feel strangely unstable. The kobold zombie misses you.
The elf zombie barely misses you.
You hit the elf zombie but do no damage.
The elf zombie is severely damaged.
The kobold zombie hits you.
* * * LOW HITPOINT WARNING * * *
You completely miss the elf zombie.
The elf zombie is severely damaged.
The elf zombie hits you.
You die...

#..#
.......ZZZ.......
................. .
................. ..
#...............
...##...............
....................
....................
#........Z#####....
#........M@Z......
+...........∩.....
##################


You could see a mummy, a kobold zombie and an elf zombie.

Vanquished Creatures
  An orc priest (D:4)
  An iguana (D:4)
  Jessica (D:2)
  2 orc wizards (D:4)
  A mummy (D:4)
  A howler monkey skeleton (D:3)
  3 adders
  An adder zombie (Ossuary)
  2 worms (D:2)
  A dart slug (D:4)
  2 orcs (D:4)
  3 ball pythons
  4 endoplasms
  3 giant cockroaches
  3 goblins
  3 hobgoblins
  10 jackals
  A quokka (D:2)
  2 bats (D:1)
  3 frilled lizards
  A hobgoblin zombie (Ossuary)
  A jackal zombie (Ossuary)
  4 kobolds
  4 rats
58 creatures vanquished.

Notes
Turn   | Place    | Note
-------+----------+-------------------------------------------
     0 | D:1      | mortz the Draconian Conjurer began the quest for the Orb.
     0 | D:1      | Reached XP level 1. HP: 14/14 MP: 3/3
   622 | D:1      | Reached XP level 2. HP: 20/20 MP: 3/5
  1363 | D:1      | Found a faded altar of an unknown god.
  1380 | D:1      | Prayed at the altar of an unknown god.
  1380 | D:1      | Became a worshipper of Ashenzari the Shackled
  2025 | D:2      | Reached XP level 3. HP: 26/26 MP: 0/6
  3076 | D:2      | Noticed Jessica
  3086 | D:2      | Killed Jessica
  3087 | D:2      | Reached XP level 4. HP: 31/34 MP: 0/7
  3590 | D:2      | Reached skill level 1 in Maces & Flails
  3590 | D:2      | Reached skill level 5 in Conjurations
  3594 | D:2      | Learned a level 2 spell: Searing Ray
  4087 | D:3      | Learned a level 3 spell: Dazzling Flash
  4884 | D:4      | Reached XP level 5. HP: 33/39 MP: 0/8
  4891 | D:4      | Reached skill level 1 in Fighting
  5288 | D:4      | Found a sand-covered staircase.
  5353 | Ossuary  | Entered an ossuary
  5401 | Ossuary  | HP: 2/40 [elf zombie (4)]
  5404 | Ossuary  | Slain by an elf zombie

Illustrated notes

Levels and vault maps discovered:
D:1:      lordsloth_arrival_two_stooges, layout_loops_corners,
          hellmonk_ecumenical_altar_run_dry
D:2:      layout_rooms, chequers_serial_rivers_micro_c, uniq_jessica
D:3:      layout_loops_ring
D:4:      minmay_goblin_kobold_castle, layout_basic, serial_shops,
          nicolae_shop_temple_entry_statues_fountains,
          nicolae_ossuary_entry_giza
Ossuary:  ossuary_minmay_tomb_2a

Skill      XL: |  1  2  3  4  5 |
---------------+----------------+-----
Stealth        | 2 |  2.7
Dodging        | 2 |  2.5
Maces & Flails | 1 2 |  2.0
Conjurations   | 5 |  5.2
Fighting       | 1 |  1.2
Spellcasting   | 3 |  3.0

Action                   |  1- 3 |  4- 6 || total
-------------------------+-------+-------++-------
Melee: Mace              |    38 |       ||    38
       Tailslap          |     3 |     2 ||     5
       Club              |       |    14 ||    14
       Dagger            |       |    28 ||    28
 Cast: Magic Dart        |    64 |    10 ||    74
       Searing Ray       |       |    18 ||    18
  Use: Scroll            |       |     5 ||     5
       Potion            |       |     1 ||     1
Armor: Skin              |    22 |    27 ||    49
Dodge: Dodged            |    40 |    60 ||   100
